 Dungeon Crawl Stone Soup version 0.30.1-1-g62c8e00024 (webtiles) character file.

Game seed: 8182876486060479629

1639 GeoRichter the Slicer (level 8, -3/62 HPs)
             Began as a Demonspawn Reaver on July 15, 2023.
             Was a Believer of Qazlal.
             Shot with a sling bullet by Joseph (11 damage)
             ... on level 7 of the Dungeon.
             The game lasted 00:10:05 (5626 turns).

GeoRichter the Slicer (Demonspawn Reaver)           Turns: 5626, Time: 00:10:05

Health: -3/62      AC: 10    Str: 13    XL:     8   Next: 66%
Magic:  11/11      EV: 11    Int: 15    God:    Qazlal [**....]
Gold:   342        SH:  6    Dex: 13    Spells: 10/11 levels left

rFire   . . .        l - +2 dagger (speed)
rCold   . . .        (no shield)
rNeg    . . .        b - +1 leather armour
rPois   .            o - +0 helmet
rElec   .            t - +0 cloak
rCorr   .            (no gloves)
SInv    .            (no boots)
Will    .....        v - amulet of faith {!P}
Stlth   ++           r - +4 ring of protection
HPRegen 0.30/turn    (no ring)
MPRegen 0.12/turn

%: faith
@: mighty, about to teleport
A: hooves 1, condensation shield, demonic magic 2, weakness stinger 1, demonic
touch 2
a: Renounce Religion, Upheaval


You were on level 7 of the Dungeon.
You worshipped Qazlal.
Qazlal was pleased with you.
You visited 2 branches of the dungeon, and saw 8 of its levels.

You collected 342 gold pieces.

Inventory:

Hand Weapons
 a - a +0 spear
 l - a +2 dagger of speed (weapon)
   (You took it off a goblin on level 1 of the Dungeon)
Missiles
 e - 2 throwing nets {!f}
Armour
 b - a +1 leather armour (worn)
 o - a +0 helmet (worn)
   (You found it on level 2 of the Dungeon)
 t - a +0 cloak (worn)
   (You found it on level 3 of the Dungeon)
Jewellery
 r - a +4 ring of protection (left hand)
   (You found it on level 2 of the Dungeon)
 v - an amulet of faith (around neck) {!P}
   (You found it on level 1 of the Dungeon)
Wands
 u - a wand of roots (8)
   (You found it on level 7 of the Dungeon)
Scrolls
 c - a scroll of acquirement {unknown}
 g - a scroll of enchant armour
 h - a scroll of fog
 i - 4 scrolls of magic mapping
 j - a scroll of fear {unknown}
 k - 2 scrolls of enchant weapon
 p - 2 scrolls of immolation {!r}
 q - a scroll of amnesia {unknown}
 x - a scroll of poison {unknown}
 y - 2 scrolls of identify {@r1}
 A - a scroll of summoning {unknown}
Potions
 n - 2 potions of heal wounds {unknown}
 s - 2 potions of degeneration {!q}
 w - a potion of flight {unknown}
 z - 2 potions of brilliance {unknown}


   Skills:
 - Level 5.2 Fighting
 - Level 8.0 Short Blades
 - Level 2.6 Polearms
 - Level 1.7 Dodging
 - Level 2.0 Stealth
 - Level 0.1 Unarmed Combat
 - Level 2.0 Spellcasting
 - Level 3.0 Conjurations
 + Level 1.6 Earth Magic
 * Level 4.0 Invocations


You had 10 spell levels left.
You knew the following spells:

 Your Spells              Type           Power      Damage    Failure   Level
a - Kiss of Death         Conj/Necr      24%        2d7       16%         1

Your spell library contained the following spells:

 Spells                   Type           Power      Damage    Failure   Level
 Sandblast                Erth           12%        2d6       14%         1
 Momentum Strike          Conj/Tloc      12%        3d8       22%         2
 Apportation              Tloc           2%         N/A       28%         1
 Necrotise                Necr           4%         1d4       28%         1
 Summon Small Mammal      Summ           4%         N/A       28%         1
 Passwall                 Tmut/Erth      2%         N/A       30%         2
 Stone Arrow              Conj/Erth      16%        3d8       32%         3
 Hailstorm                Conj/Ice       6%         3d4       41%         3
 Ozocubu's Armour         Ice            1%         N/A       63%         3
 Malign Gateway           Summ/Tloc      0%         N/A       100%        7
 Ozocubu's Refrigeration  Ice            0%         4d7       100%        7
 Summon Horrible Things   Summ           0%         N/A       100%        8


Dungeon Overview and Level Annotations

Branches:
Dungeon (7/15) Zot: 26411  Temple (1/1) D:4 Zot: 5865

Altars:
Ashenzari
Cheibriados
Gozag
Hepliaklqana
Okawaru
Qazlal
Ru
Trog
Uskayaw
Xom
Yredelemnul

Shops:
D:1 :   D:5 =   D:7 *

Annotations:
D:5 Dowan, Duvessa
D:7 Joseph


Innate Abilities, Weirdness & Mutations

You have large cloven feet.
A meltable shield of frost defends you. (SH +4)
Spells you cast may paralyse nearby enemies.
You have a small tail.
Your touch may inflict irresistible damage on your foes.


Message History

The vampire mosquito bites you!
* * * LOW HITPOINT WARNING * * *
The vampire mosquito draws strength from your injuries!
You completely miss the vampire mosquito.
Your kick misses the vampire mosquito.
The vampire mosquito is moderately damaged.
The vampire mosquito closely misses you.
You puncture the vampire mosquito! Your kick misses the vampire mosquito.
Your tail-slap misses the vampire mosquito.
The vampire mosquito is severely damaged.
You miss the vampire mosquito. You kick the vampire mosquito!
Your tail-slap misses the vampire mosquito.
Your touch misses the vampire mosquito.
The vampire mosquito is almost destroyed.
The vampire mosquito bites you.
* * * LOW HITPOINT WARNING * * *
The vampire mosquito draws strength from your injuries!
You puncture the vampire mosquito!
You destroy the vampire mosquito!
Qazlal accepts your kill.
You can now call upon nature to destroy your foes.
Your Invocations skill gained 2 levels and is now at level 4!
You see here a vampire mosquito corpse.
You hear an angry buzzing noise.
Joseph shoots a sling bullet.
The sling bullet hits you!
* * * LOW HITPOINT WARNING * * *
You hear an angry buzzing noise.
You hear a shout!
You start resting.
Joseph is nearby!
The vampire mosquito buzzes angrily. x2; You hear a shout!
Joseph unwields a +0 sling.
Joseph wields a +0 quarterstaff.
Joseph hits you with a +0 quarterstaff!
* * * LOW HITPOINT WARNING * * *
You closely miss Joseph. Your kick misses Joseph.
Joseph is lightly wounded.
Joseph hits you with a +0 quarterstaff.
* * * LOW HITPOINT WARNING * * *
You puncture Joseph! Your kick misses Joseph. Your punch misses Joseph.
Joseph is moderately wounded.
Unknown command.
You closely miss Joseph. Your kick misses Joseph. Your touch misses Joseph.
Joseph is moderately wounded.
You feel better. Joseph hits you with a +0 quarterstaff.
* * * LOW HITPOINT WARNING * * *
As you read the scroll of teleportation {@r4}, it crumbles to dust.
You feel strangely unstable. You block Joseph's attack.
Unknown command.
Joseph unwields a +0 quarterstaff.
Joseph wields a +0 sling.
Joseph shoots a sling bullet.
The sling bullet hits you!
You die...

###########..####.# #...##....
#................######...##.###
#......#.#..........y..........#
#......#.#..#..................#
#......#<...#..##y.......>.>...#
#...#######....##y#####...##.#.#
#......#......###y# #...##....
######.#.##.#####@# #y..####..
###.###.#.##....@..# #...# ###
..........>..####### #...# #
#.#.########## .....# # #...#
##.@.... ##### ......#. ##...y.#
# .....## ..y....


You could see Joseph.

Vanquished Creatures
  Sigmund (D:2)
  A vampire mosquito (D:7)
  A water moccasin (D:5)
  3 ice beasts
  A sky beast (D:7)
  An ogre (D:6)
  A black bear (D:5)
  A kobold brigand (D:5)
  A bullfrog (D:7)
  2 jellies (D:6)
  A howler monkey (D:4)
  An orc priest (D:6)
  2 hounds
  An iguana (D:6)
  4 orc wizards (D:6)
  3 gnolls (D:5)
  9 adders
  A white imp (D:7)
  3 worms (D:2)
  4 dart slugs
  18 orcs
  6 ball pythons
  4 bats
  13 endoplasms
  2 giant cockroaches
  8 hobgoblins
  6 quokkas
  2 frilled lizards
  5 goblins
  12 kobolds
  9 rats
127 creatures vanquished.

Vanquished Creatures (others)
  A kobold (D:3)
1 creature vanquished.

Grand Total: 128 creatures vanquished

Notes
Turn   | Place    | Note
-------+----------+-------------------------------------------
     0 | D:1      | GeoRichter the Demonspawn Reaver began the quest for the
                  | Orb.
     0 | D:1      | Reached XP level 1. HP: 16/16 MP: 3/3
    52 | D:1      | You fall into a shaft and drop 1 floor!
   190 | D:1      | Reached skill level 1 in Stealth
   272 | D:1      | Discovered your monstrous ancestry.
   272 | D:1      | Gained mutation: You have a small tail. [demonic ancestry]
   272 | D:1      | Reached XP level 2. HP: 18/22 MP: 5/5
   447 | D:1      | Noticed a walking divine tome
   449 | D:1      | Found Zuta's Book Shoppe.
   450 | D:1      | Noticed a walking earthen tome
   647 | D:2      | Noticed Sigmund
   678 | D:2      | Killed Sigmund
   679 | D:2      | Reached skill level 5 in Fighting
   679 | D:2      | Gained mutation: Your touch may inflict minor irresistible
                  | damage on your foes. [demonic ancestry]
   679 | D:2      | Reached XP level 3. HP: 25/33 MP: 6/6
   679 | D:2      | Gained mutation: Your touch may inflict irresistible damage
                  | on your foes. [demonic ancestry]
   679 | D:2      | Reached XP level 4. HP: 30/39 MP: 7/7
   679 | D:2      | Gained mutation: A meltable shield of frost defends you.
                  | (SH +4) [demonic ancestry]
   679 | D:2      | Reached XP level 5. HP: 34/44 MP: 8/8
   946 | D:2      | Reached skill level 1 in Short Blades
  1470 | D:3      | Found a shimmering altar of Xom.
  1474 | D:3      | Noticed an angel
  1493 | D:3      | Identified the +3 robe "Siokhu Odac" {+Inv Str+3 Slay-6}
  1578 | D:3      | Reached skill level 2 in Short Blades
  1688 | D:3      | Gained mutation: Spells you cast may paralyse adjacent
                  | enemies. [demonic ancestry]
  1688 | D:3      | Reached XP level 6. HP: 51/51 MP: 9/9
  2221 | D:4      | Found a staircase to the Ecumenical Temple.
  2246 | Temple   | Entered the Ecumenical Temple
  2370 | Temple   | Became a worshipper of Qazlal Stormbringer
  2516 | D:4      | Reached skill level 3 in Short Blades
  3048 | D:5      | Entered Level 5 of the Dungeon
  3075 | D:5      | Noticed an ice beast
  3087 | D:5      | Killed an ice beast
  3088 | D:5      | Reached skill level 4 in Short Blades
  3139 | D:5      | Noticed Dowan
  3140 | D:5      | Noticed Duvessa
  3248 | D:5      | Gained mutation: Spells you cast may paralyse nearby
                  | enemies. [demonic ancestry]
  3248 | D:5      | Reached XP level 7. HP: 52/56 MP: 10/10
  3285 | D:5      | Reached skill level 5 in Short Blades
  3353 | D:5      | Found Opata's Jewellery Shop.
  3420 | D:5      | Reached * piety under Qazlal
  3708 | D:5      | Found a hazy altar of Hepliaklqana.
  3748 | D:5      | Found the +3 giant club "Skullcrusher" {speed, Str+7}
  3957 | D:6      | Reached skill level 6 in Short Blades
  4190 | D:6      | Gained mutation: You have large cloven feet. [demonic
                  | ancestry]
  4190 | D:6      | Reached XP level 8. HP: 51/62 MP: 11/11
  4385 | D:6      | Reached skill level 7 in Short Blades
  5072 | D:7      | Reached ** piety under Qazlal
  5083 | D:7      | Reached skill level 8 in Short Blades
  5083 | D:7      | Reached skill level 1 in Invocations
  5399 | D:7      | Reached skill level 1 in Earth Magic
  5524 | D:7      | Found Cyav's Assorted Antiques.
  5591 | D:7      | Noticed Joseph
  5626 | D:7      | Shot with a sling bullet by Joseph

Illustrated notes

Levels and vault maps discovered:
D:1:      heliophobic_arrival_dark_side_of_the_moon, layout_rooms, serial_shops,
          nicolae_shop_mannequins
D:2:      layout_basic, st_stairs_10, minmay_joined_circles, uniq_sigmund
D:3:      layout_basic, grunt_temple_overflow_order_and_chaos_1
D:4:      layout_basic, minmay_temple_entry_statues_fountains,
          eino_tiny_chamber, fountainhead, kennysheep_generic_room_10
D:5:      nicolae_cairo_tiling_large_dashed, layout_loops_ring,
          old_standard_altar, serial_shops, shop, uniq_duvessa
D:6:      layout_loops_corners
D:7:      layout_loops_cross, serial_shops, shop, uniq_joseph
Temple:   nicolae_temple_two_arcs

Skill      XL: |  1  2  3  4  5  6  7  8 |
---------------+-------------------------+-----
Stealth        | 1 2 |  2.0
Fighting       | 5 |  5.2
Short Blades   | 2 4 6 8 |  8.0
Invocations    | 4 |  4.0
Earth Magic    | 1 |  1.6
Polearms       | |  2.6
Dodging        | |  1.7
Unarmed Combat | |  0.1
Spellcasting   | |  2.0
Conjurations   | |  3.0

Action                     |  1- 3 |  4- 6 |  7- 9 || total
---------------------------+-------+-------+-------++-------
  Melee: Spear             |    57 |       |       ||    57
         Dagger            |    31 |   192 |   227 ||   450
         Tailslap          |     4 |    34 |    43 ||    81
         Touch             |       |    37 |    37 ||    74
         Punch             |       |     1 |     3 ||     4
         Kick              |       |       |    34 ||    34
 Invoke: Upheaval          |       |       |     1 ||     1
  Evoke: Wand              |       |       |     2 ||     2
    Use: Scroll            |     2 |     5 |     3 ||    10
         Potion            |     1 |       |     4 ||     5
   Stab: Sleeping          |     1 |     3 |       ||     4
 Armour: Leather armour    |    14 |    35 |    51 ||   100
         Skin              |    14 |       |       ||    14
  Dodge: Dodged            |    31 |    46 |    65 ||   142
  Block: Other             |    10 |    53 |    25 ||    88
